 Dungeon Crawl Stone Soup version 0.28-a0-872-g80cf8599ee (webtiles) character file.

Game seed: 18060450796258202973

21 croobank the Sneak (level 2, 0/19 HPs)
             Began as a Gargoyle Delver on Nov 20, 2021.
             Constricted to death by a ball python (1 damage)
             ... on level 1 of the Dungeon.
             The game lasted 00:07:37 (819 turns).

croobank the Sneak (Gargoyle Delver)                 Turns: 819, Time: 00:07:38

Health: 0/19       AC:  5    Str: 12 (15) XL:     2   Next: 87%
Magic:  2/2        EV:  8    Int:  9 (10) God:
Gold:   38         SH:  0    Dex:  9 (11) Spells: 1/1 levels left

rFire   . . .      SeeInvis .   a - +0 mace
rCold   . . .      Faith    .   (no shield)
rNeg    + . .      Spirit   .   b - +0 leather armour
rPois   ∞          Reflect  .   (no helmet)
rElec   +          Harm     .   (no cloak)
rCorr   .          Rampage  .   (no gloves)
Will    .....                   (no boots)
Stlth   +++.......              (no amulet)
HPRegen 0.06/turn               (no ring)
MPRegen 0.08/turn               (no ring)

@: constricted
A: sickness immunity, AC +2, negative energy resistance 1, electricity
resistance, torment resistance 1, petrification resistance
a: no special abilities


You were on level 1 of the Dungeon.
You visited 1 branch of the dungeon, and saw 5 of its levels.

You collected 38 gold pieces.

Inventory:

Hand Weapons
 a - a +0 mace (weapon)
Armour
 b - a +0 leather armour (worn)
Magical Staves
 d - a staff of cold
Wands
 g - a wand of digging (2)
Scrolls
 c - a scroll of fog


   Skills:
 + Level 3.3 Fighting
 + Level 2.2 Maces & Flails
 + Level 0.4 Armour
 + Level 1.8 Dodging
 + Level 5.9 Stealth


You had one spell level left.
You didn't know any spells.
Your spell library contained the following spells:

 Spells                   Type           Power      Damage    Failure   Level
 Apportation              Tloc           0%         N/A       45%         1
 Alistair's Intoxication  Tmut/Pois      0%         N/A       100%        5


Dungeon Overview and Level Annotations

Branches:
Dungeon (5/15)
 Temple: D:4-7

Altars:

Annotations:
D:2 Sigmund


Innate Abilities, Weirdness & Mutations

You are immune to sickness and miasma.
Your stone body is resilient. (AC +2)
You are immune to poison.
You resist negative energy. (rN+)
You are resistant to electric shocks. (rElec)
You are resistant to unholy torment.
You are immune to petrification.


Message History

Found 15 gold pieces.
The dart slug launches a dart at you. The slug dart misses you.
Found 4 gold pieces.
The ball python hisses angrily.
The dart slug bites you.
You hit the dart slug.
The dart slug is heavily wounded.
The ball python closely misses you. The ball python barely misses you.
The dart slug launches a dart at you. The slug dart hits you.
The ball python bites you but does no damage.
The ball python grabs you. The ball python constricts you.
You hit the dart slug but do no damage.
The dart slug is heavily wounded.
The ball python barely misses you. The ball python constricts you.
The dart slug launches a dart at you. The slug dart misses you.
You hit the dart slug.
The dart slug is severely wounded.
The ball python bites you. The ball python constricts you.
The ball python bites you. The ball python constricts you.
The dart slug closely misses you.
You hit the dart slug.
You kill the dart slug!
The ball python bites you but does no damage.
The ball python constricts you.
* * * LOW HITPOINT WARNING * * *
The ball python bites you.
* * * LOW HITPOINT WARNING * * *
The ball python constricts you.
* * * LOW HITPOINT WARNING * * *
You barely miss the ball python. The ball python bites you.
* * * LOW HITPOINT WARNING * * *
The ball python constricts you.
* * * LOW HITPOINT WARNING * * *
You hit the ball python.
The ball python is heavily wounded.
The ball python barely misses you. The ball python constricts you.
You die...

#.# #.# #.# #$# # #.#
#.##.###.#
.$.....S.############
.......@............#
####..#######.#####.#
#. #.# #.# # #.#
#.#### #.# #....# #..
#....♣ ### ##..PP
##...P. #......


You could see a ball python.

Vanquished Creatures
  An adder (D:2)
  A dart slug (D:1)
  2 endoplasms
  A giant cockroach (D:1)
  A goblin (D:1)
  A hobgoblin (D:1)
  A kobold (D:1)
  A ball python (D:3)
  A bat (D:2)
10 creatures vanquished.

Notes
Turn   | Place    | Note
-------+----------+-------------------------------------------
     0 | D:5      | croobank the Gargoyle Delver began the quest for the Orb.
     0 | D:5      | Reached XP level 1. HP: 14/14 MP: 1/1
     4 | D:4      | Noticed a two-headed ogre
    23 | D:4      | Noticed a scorpion
   167 | D:2      | Noticed Sigmund
   219 | D:2      | Reached XP level 2. HP: 3/19 MP: 2/2
   819 | D:1      | Constricted to death by a ball python

Illustrated notes

Levels and vault maps discovered:
D:1:      wander_arrival_fairy_ring, layout_loops_ring,
          dreamdust_ecumenical_altar_hidden_monk_grotto
D:2:      layout_basic, minmay_crystal_water, uniq_jessica, uniq_sigmund
D:3:      layout_rooms, mainiacjoe_overflow_paths, serial_shops, shop,
          mrwooster_statue_mirror, chequers_mini_garden,
          kennysheep_generic_room_8, uniq_crazy_yiuf_cottage
D:4:      layout_gridville, nicolae_shop_fire_sale [nicolae_sub_dead_trees]
D:5:      layout_loops_ring, nicolae_sextant, uniq_menkaure

Action                   || total
-------------------------++-------
Melee: Mace              ||    46
Evoke: Wand              ||     1
  Use: Potion            ||     4
       Scroll            ||     2
Armor: Leather armour    ||    27
Dodge: Dodged            ||    37

Table legend: (Time is in decaauts)
 A = Elapsed time spent in this place.
 B = Non-inter-level travel time spent in this place.
 C = Inter-level travel time spent in this place.
 D = Time resting spent in this place.
 E = Time spent auto-exploring this place.
 F = Levels seen in this place.
 G = Mean time per level.
                   A        B        C        D        E       F      G
               +--------+--------+--------+--------+--------+-----+--------+
         Total |    811 |    811 |      0 |    499 |     66 |   5 |  162.2 |
       Dungeon |    811 |    811 |      0 |    499 |     66 |   5 |  162.2 |
               +--------+--------+--------+--------+--------+-----+--------+

Top non-repeatable levels by time:
     D:1: 518 daAuts
     D:2: 187 daAuts
     D:3: 68 daAuts
     D:4: 33 daAuts
     D:5: 4 daAuts
